 Seeded DCSS version 0.28-a0-1629-gf728b70 (webtiles) character file.

Game seed: 7806067979133467332 (custom seed)

931 edsrzf the Digger (level 8, -4/58 HPs)
             Began as a Gnoll Earth Elementalist on Jan 23, 2022.
             Slain by a gnoll sergeant (11 damage)
             ... on level 6 of the Dungeon.
             The game lasted 00:15:08 (6836 turns).

edsrzf the Digger (Gnoll Earth Elementalist)        Turns: 6836, Time: 00:15:08

Health: -4/58      AC:  3    Str:  7    XL:     8   Next: 11%
Magic:  14/16      EV: 14    Int: 17    God:
Gold:   105        SH:  0    Dex: 13    Spells: 9/18 levels left

rFire   . . .      SeeInvis .   l - +4 dagger (venom)
rCold   . . .      Faith    .   (no shield)
rNeg    . . .      Spirit   .   b - +0 robe
rPois   .          Reflect  .   (no helmet)
rElec   .          Harm     .   o - +0 cloak
rCorr   .          Rampage  .   (no gloves)
Will    .....                   (no boots)
Stlth   +++.......              d - amulet of the acrobat
HPRegen 0.19/turn               (no ring)
MPRegen 0.15/turn               (no ring)

@: no status effects
A: fangs 1, strong nose, distributed training
a: no special abilities


You were on level 6 of the Dungeon.
You visited 1 branch of the dungeon, and saw 6 of its levels.

You collected 196 gold pieces.
You spent 91 gold pieces at shops.

Inventory:

Hand Weapons
 l - a +4 dagger of venom (weapon)
 n - a +4 quarterstaff of chaos
 r - a +4 dagger of draining
 v - a +3 rapier
Missiles
 c - 18 stones
Armour
 b - a +0 robe (worn)
 o - a +0 cloak (worn)
 y - the +18 shield of the Gong {rElec rN+ Will+ EV-5}
   (You found it on level 5 of the Dungeon)

   It is deafeningly noisy when blocking attacks.
   EV:        It affects your evasion (-5).
   rElec:     It insulates you from electricity.
   rN:        It protects you from negative energy.
   Will:      It increases your willpower.
 A - a scarf of invisibility
Jewellery
 d - an amulet of the acrobat (around neck)
 x - an amulet of faith {!P}
Wands
 u - a wand of flame (16)
Scrolls
 a - a scroll of fog
 e - 2 scrolls of teleportation {unknown}
 h - 2 scrolls of immolation
 k - a scroll of magic mapping {unknown}
 p - 2 scrolls of holy word {unknown}
 q - a scroll of fear {unknown}
 s - a scroll of enchant armour {unknown}
Potions
 f - a potion of haste {unknown}
 g - 2 potions of magic
 i - 3 potions of mutation
 j - a potion of ambrosia
 t - a potion of attraction
 w - a potion of curing
 z - a potion of lignification {unknown}


   Skills:
 + Level 3.0 Fighting
 + Level 3.0 Short Blades
 + Level 3.0 Long Blades
 + Level 3.0 Axes
 + Level 3.0 Maces & Flails
 + Level 3.0 Polearms
 + Level 3.0 Staves
 + Level 3.0 Slings
 + Level 3.0 Bows
 + Level 3.0 Crossbows
 + Level 3.0 Throwing
 + Level 3.0 Armour
 + Level 5.5 Dodging
 + Level 5.2 Stealth
 + Level 3.0 Shields
 + Level 3.0 Unarmed Combat
 + Level 5.8 Spellcasting
 + Level 2.4 Conjurations
 + Level 2.4 Hexes
 + Level 2.4 Summonings
 + Level 2.4 Necromancy
 + Level 2.4 Translocations
 + Level 3.2 Transmutations
 + Level 2.4 Fire Magic
 + Level 2.4 Ice Magic
 + Level 2.4 Air Magic
 + Level 6.0 Earth Magic
 + Level 2.4 Poison Magic
 + Level 3.2 Invocations
 + Level 3.0 Evocations


You had 9 spell levels left.
You knew the following spells:

 Your Spells              Type           Power      Damage    Failure   Level
a - Passwall              Tmut/Erth      16%        N/A       3%          2
b - Stone Arrow           Conj/Erth      38%        3d9       7%          3
d - Tukima's Dance        Hex            13%        N/A       14%         3
X - Sandblast             Erth           50%        2d12      1%          1

Your spell library contained the following spells:

 Spells                   Type           Power      Damage    Failure   Level
 Static Discharge         Conj/Air       13%        N/A       8%          2
 Petrify                  Tmut/Erth      20%        N/A       19%         4
 Ice Form                 Ice/Tmut       14%        N/A       38%         4
 Anguish                  Hex/Necr       6%         N/A       43%         4
 Hailstorm                Conj/Ice       13%        3d5       43%         4
 Lightning Bolt           Conj/Air       6%         1d18      80%         5
 Simulacrum               Ice/Necr       6%         N/A       100%        6
 Enfeeble                 Hex            6%         N/A       100%        7
 Maxwell's Capacitive Co  Air            6%         ∞         100%        8


Dungeon Overview and Level Annotations

Branches:
Dungeon (6/15)
 Temple: D:4-7

Altars:
Ashenzari

Shops:
D:5 ?


Innate Abilities, Weirdness & Mutations

You have very sharp teeth.
Your uncanny sense of smell can sniff out nearby items.
Your experience applies equally to all skills.


Message History

Casting: Sandblast (safe; 1% risk of failure)
Confirm with . or Enter, or press ? or * to list all spells.
The blast of sand hits the shadow imp!
You kill the shadow imp!
There is an open door here.
f - a smoky amethyst potion
Found a robe.
Okay, then.
You see here a +0 robe.
There is an open door here.
There is an open door here.
Done exploring.
Done exploring.
(D) Dungeon
Where to? (? - help)
You see here a +0 hand axe.
There is an open door here.
There is an open door here.
There is a broken altar of Ashenzari here.
There is a stone staircase leading down here.
You climb downwards.
The gnoll shouts!
You hear a shout!
You hear an angry hiss.
You hear a shout!
Found a brown potion and a ring mail.
Found a stone staircase leading down.
There is a stone staircase leading up here.
A gnoll is nearby!
Press: ? - help, v - describe, . - travel
Here: a gnoll, wielding a +0 halberd The floor.
You hear a shout!
A gnoll comes into view. It is wielding a +0 halberd.
A gnoll comes into view. It is wielding a +0 spear.
The gnoll shouts!
You hear a shout! x2
A gnoll comes into view. It is wielding a +0 club.
You hear a shout! x2
A scorpion and a gnoll sergeant come into view.
The scorpion moves out of view.
Press: ? - help, v - describe, . - travel
Here: a gnoll, wielding a +0 halberd The floor.
You barely miss the gnoll. The gnoll completely misses you.
You completely miss the gnoll. Your bite misses the gnoll.
The gnoll hits you with a +0 club. The gnoll closely misses you.
You closely miss the gnoll. Your bite misses the gnoll. The gnoll misses you.
You hit the gnoll.
The gnoll is poisoned.
The gnoll is lightly wounded.
The gnoll hits you with a +0 club.
You hit the gnoll.
The gnoll looks as sick as possible!
You bite the gnoll, but do no damage.
The gnoll is heavily wounded.
The gnoll sergeant hits you from afar with a +0 trident!
Found an escape hatch in the floor.
Found 7 gold pieces.
You kill the gnoll!
Your Fighting skill increases to level 3!
Your Short Blades skill increases to level 3!
Your Long Blades skill increases to level 3!
Your Axes skill increases to level 3!
Your Maces & Flails skill increases to level 3!
Your Polearms skill increases to level 3!
Your Staves skill increases to level 3!
Your Slings skill increases to level 3!
Your Bows skill increases to level 3!
Your Crossbows skill increases to level 3!
Your Throwing skill increases to level 3!
Your Armour skill increases to level 3!
Your Shields skill increases to level 3!
Your Unarmed Combat skill increases to level 3!
Your Evocations skill increases to level 3!
Unknown command.
Unknown command.
Casting: Sandblast (safe; 1% risk of failure)
Confirm with . or Enter, or press ? or * to list all spells.
Aiming: Sandblast (safe; 1% risk of failure)
Press: ? - help, Shift-Dir - straight line, f - gnoll sergeant
Aim: a gnoll sergeant, wielding a +0 trident and wearing a +0 ring mail (86% to hit)
The blast of sand hits the gnoll sergeant.
The gnoll sergeant is lightly wounded.
The gnoll sergeant hits you from afar with a +0 trident!
Casting: Sandblast (safe; 1% risk of failure)
Confirm with . or Enter, or press ? or * to list all spells.
Aiming: Sandblast (safe; 1% risk of failure)
Press: ? - help, Shift-Dir - straight line, f - gnoll, p - gnoll sergeant
Aim: a gnoll, wielding a +0 halberd (83% to hit)
The blast of sand misses the gnoll sergeant.
The blast of sand hits the gnoll!!
You kill the gnoll!
The gnoll sergeant misses you.
Press: ? - help, v - describe, . - travel
Here: a gnoll sergeant, wielding a +0 trident and wearing a +0 ring mail (lightly wounded)
The floor.
The gnoll hits you with a +0 halberd!
* * * LOW HITPOINT WARNING * * *
The gnoll shouts!
You hit the gnoll.
The gnoll is lightly wounded.
The gnoll hits you from afar with a +0 spear.
* * * LOW HITPOINT WARNING * * *
The gnoll sergeant hits you from afar with a +0 trident!
You die...

###########
#.)..g....#
#.#######.# # #.#
#.....#
#.#.###.###.##
#...g##g##!..###
#...>.#g.>....<#
#.....@###...#g#
#......# ##.##g#
##...... ...##.#
#...$...####.##g#
#.####### #.##.#
#. #. .[. # ... ∆


You could see a gnoll sergeant and 2 gnolls.

Vanquished Creatures
  Sigmund (D:3)
  An ogre (D:5)
  3 phantoms
  2 scorpions
  Crazy Yiuf (D:2)
  A scorpion zombie (D:5)
  5 orc wizards
  2 gnolls (D:6)
  5 adders
  A shadow imp (D:5)
  A white imp (D:5)
  A worm (D:2)
  A dart slug (D:1)
  10 orcs
  6 ball pythons
  7 bats
  6 endoplasms
  10 goblins
  4 hobgoblins
  4 jackals
  14 kobolds
  4 quokkas
  6 frilled lizards
  10 rats
106 creatures vanquished.

Vanquished Creatures (others)
  19 plants (D:1)
19 creatures vanquished.

Grand Total: 125 creatures vanquished

Notes
Turn   | Place    | Note
-------+----------+-------------------------------------------
     0 | D:1      | edsrzf the Gnoll Earth Elementalist began the quest for the
                  | Orb.
     0 | D:1      | Reached XP level 1. HP: 13/13 MP: 6/6
   169 | D:1      | Reached skill level 2 in Transmutations
   239 | D:1      | Reached XP level 2. HP: 6/19 MP: 5/7
  1331 | D:1      | Reached XP level 3. HP: 24/25 MP: 7/9
  1441 | D:1      | Reached skill level 5 in Spellcasting
  1586 | D:1      | Learned a level 2 spell: Passwall
  2213 | D:2      | Found a faded altar of an unknown god.
  2244 | D:2      | Reached skill level 1 in Invocations
  2442 | D:2      | Reached skill level 1 in Fighting
  2442 | D:2      | Reached skill level 1 in Short Blades
  2442 | D:2      | Reached skill level 1 in Long Blades
  2442 | D:2      | Reached skill level 1 in Axes
  2442 | D:2      | Reached skill level 1 in Maces & Flails
  2442 | D:2      | Reached skill level 1 in Polearms
  2442 | D:2      | Reached skill level 1 in Staves
  2442 | D:2      | Reached skill level 1 in Slings
  2442 | D:2      | Reached skill level 1 in Bows
  2442 | D:2      | Reached skill level 1 in Crossbows
  2442 | D:2      | Reached skill level 1 in Throwing
  2442 | D:2      | Reached skill level 1 in Armour
  2442 | D:2      | Reached skill level 1 in Shields
  2442 | D:2      | Reached skill level 1 in Unarmed Combat
  2442 | D:2      | Reached skill level 1 in Evocations
  2801 | D:2      | Reached XP level 4. HP: 32/32 MP: 7/11
  3570 | D:2      | Found a runed translucent door.
  3571 | D:2      | Noticed Crazy Yiuf
  3644 | D:2      | Killed Crazy Yiuf
  3645 | D:2      | Reached skill level 1 in Conjurations
  3645 | D:2      | Reached skill level 1 in Hexes
  3645 | D:2      | Reached skill level 1 in Summonings
  3645 | D:2      | Reached skill level 1 in Necromancy
  3645 | D:2      | Reached skill level 1 in Translocations
  3645 | D:2      | Reached skill level 1 in Fire Magic
  3645 | D:2      | Reached skill level 1 in Ice Magic
  3645 | D:2      | Reached skill level 1 in Air Magic
  3645 | D:2      | Reached skill level 1 in Poison Magic
  3912 | D:3      | Noticed a phantom
  3930 | D:3      | Noticed Sigmund
  4018 | D:3      | Reached XP level 5. HP: 28/37 MP: 12/12
  4610 | D:3      | Reached skill level 2 in Invocations
  4610 | D:3      | Reached XP level 6. HP: 44/44 MP: 11/13
  4621 | D:3      | Learned a level 3 spell: Stone Arrow
  4625 | D:3      | Learned a level 3 spell: Tukima's Dance
  4823 | D:3      | Reached skill level 2 in Fighting
  4823 | D:3      | Reached skill level 2 in Short Blades
  4823 | D:3      | Reached skill level 2 in Long Blades
  4823 | D:3      | Reached skill level 2 in Axes
  4823 | D:3      | Reached skill level 2 in Maces & Flails
  4823 | D:3      | Reached skill level 2 in Polearms
  4823 | D:3      | Reached skill level 2 in Staves
  4823 | D:3      | Reached skill level 2 in Slings
  4823 | D:3      | Reached skill level 2 in Bows
  4823 | D:3      | Reached skill level 2 in Crossbows
  4823 | D:3      | Reached skill level 2 in Throwing
  4823 | D:3      | Reached skill level 2 in Armour
  4823 | D:3      | Reached skill level 5 in Dodging
  4823 | D:3      | Reached skill level 2 in Shields
  4823 | D:3      | Reached skill level 2 in Unarmed Combat
  4823 | D:3      | Reached skill level 2 in Evocations
  4882 | D:3      | Killed Sigmund
  4883 | D:3      | Reached XP level 7. HP: 43/50 MP: 8/15
  5042 | D:3      | Identified 3 scrolls of immolation
  5146 | D:4      | Reached skill level 2 in Conjurations
  5146 | D:4      | Reached skill level 2 in Hexes
  5146 | D:4      | Reached skill level 2 in Summonings
  5146 | D:4      | Reached skill level 2 in Necromancy
  5146 | D:4      | Reached skill level 2 in Translocations
  5146 | D:4      | Reached skill level 2 in Fire Magic
  5146 | D:4      | Reached skill level 2 in Ice Magic
  5146 | D:4      | Reached skill level 2 in Air Magic
  5146 | D:4      | Reached skill level 2 in Poison Magic
  6065 | D:4      | Reached skill level 3 in Transmutations
  6117 | D:5      | Entered Level 5 of the Dungeon
  6117 | D:5      | Found a broken altar of Ashenzari.
  6118 | D:5      | Found the +18 shield of the Gong {rElec rN+ Will+ EV-5}
  6141 | D:5      | Upgraded the game from 0.28-a0-1628-gc665463 to
                  | 0.28-a0-1629-gf728b70
  6208 | D:5      | Reached skill level 5 in Stealth
  6288 | D:5      | Found Jos Cin's Magic Scroll Boutique.
  6311 | D:5      | Bought a scroll of noise for 13 gold pieces
  6311 | D:5      | Bought a scroll of identify for 26 gold pieces
  6311 | D:5      | Bought a scroll of identify for 26 gold pieces
  6313 | D:5      | Identified 2 potions of magic
  6314 | D:5      | Identified 3 potions of mutation
  6315 | D:5      | Identified a potion of ambrosia
  6316 | D:5      | Identified a potion of degeneration
  6317 | D:5      | Identified a potion of attraction
  6320 | D:5      | Bought a scroll of fog for 26 gold pieces
  6342 | D:5      | Reached skill level 3 in Invocations
  6347 | D:5      | Identified a potion of curing
  6635 | D:5      | Reached skill level 6 in Earth Magic
  6635 | D:5      | Reached XP level 8. HP: 47/57 MP: 7/16
  6830 | D:6      | Reached skill level 3 in Fighting
  6830 | D:6      | Reached skill level 3 in Short Blades
  6830 | D:6      | Reached skill level 3 in Long Blades
  6830 | D:6      | Reached skill level 3 in Axes
  6830 | D:6      | Reached skill level 3 in Maces & Flails
  6830 | D:6      | Reached skill level 3 in Polearms
  6830 | D:6      | Reached skill level 3 in Staves
  6830 | D:6      | Reached skill level 3 in Slings
  6830 | D:6      | Reached skill level 3 in Bows
  6830 | D:6      | Reached skill level 3 in Crossbows
  6830 | D:6      | Reached skill level 3 in Throwing
  6830 | D:6      | Reached skill level 3 in Armour
  6830 | D:6      | Reached skill level 3 in Shields
  6830 | D:6      | Reached skill level 3 in Unarmed Combat
  6830 | D:6      | Reached skill level 3 in Evocations
  6836 | D:6      | Slain by a gnoll sergeant

Illustrated notes

Levels and vault maps discovered:
D:1:      noname_arrival_rooms_in_the_neighbourhood, layout_loops_ring,
          lexackson_kobold_supper
D:2:      kennysheep_the_goblin_king, layout_loops_ring,
          ebering_ecumenical_altar_abandoned, uniq_crazy_yiuf_cottage
D:3:      layout_rooms, uniq_sigmund
D:4:      layout_loops_ring, minmay_misc_feat_hallway
D:5:      layout_basic, cheibrodos_ashenzari_chains, serial_shops,
          nicolae_stop_n_shop_1
D:6:      layout_loops_ring, st_stairs_14, uniq_prince_ribbit1, uniq_maggie

Skill      XL: |  1  2  3  4  5  6  7  8 |
---------------+-------------------------+-----
Transmutations | 2 3 |  3.2
Spellcasting   | 5 |  5.8
Invocations    | 1 2 3 |  3.2
Fighting       | 1 2 3 |  3.0
Short Blades   | 1 2 3 |  3.0
Long Blades    | 1 2 3 |  3.0
Axes           | 1 2 3 |  3.0
Maces & Flails | 1 2 3 |  3.0
Polearms       | 1 2 3 |  3.0
Staves         | 1 2 3 |  3.0
Slings         | 1 2 3 |  3.0
Bows           | 1 2 3 |  3.0
Crossbows      | 1 2 3 |  3.0
Throwing       | 1 2 3 |  3.0
Armour         | 1 2 3 |  3.0
Shields        | 1 2 3 |  3.0
Unarmed Combat | 1 2 3 |  3.0
Evocations     | 1 2 3 |  3.0
Conjurations   | 1 2 |  2.4
Hexes          | 1 2 |  2.4
Summonings     | 1 2 |  2.4
Necromancy     | 1 2 |  2.4
Translocations | 1 2 |  2.4
Fire Magic     | 1 2 |  2.4
Ice Magic      | 1 2 |  2.4
Air Magic      | 1 2 |  2.4
Poison Magic   | 1 2 |  2.4
Dodging        | 5 |  5.5
Stealth        | 5 |  5.2
Earth Magic    | 6 |  6.0

Action                   |  1- 3 |  4- 6 |  7- 9 || total
-------------------------+-------+-------+-------++-------
Melee: Unarmed           |   177 |    74 |       ||   251
       Bite              |    19 |    19 |     4 ||    42
       Punch             |     4 |     2 |       ||     6
       Dagger            |       |    72 |    28 ||   100
 Cast: Sandblast         |    36 |    21 |    22 ||    79
       Stone Arrow       |       |     1 |     1 ||     2
  Use: Scroll            |       |       |     7 ||     7
 Stab: Sleeping          |     6 |     2 |     3 ||    11
Armor: Robe              |    32 |    31 |     5 ||    68
Dodge: Dodged            |   118 |   140 |    26 ||   284

Table legend: (Time is in decaauts)
 A = Elapsed time spent in this place.
 B = Non-inter-level travel time spent in this place.
 C = Inter-level travel time spent in this place.
 D = Time resting spent in this place.
 E = Time spent auto-exploring this place.
 F = Levels seen in this place.
 G = Mean time per level.
                   A        B        C        D        E       F      G
               +--------+--------+--------+--------+--------+-----+--------+
         Total |   6826 |   6535 |    291 |   2633 |   2697 |   6 | 1137.7 |
       Dungeon |   6826 |   6535 |    291 |   2633 |   2697 |   6 | 1137.7 |
               +--------+--------+--------+--------+--------+-----+--------+

Top non-repeatable levels by time:
     D:2: 2263 daAuts
     D:1: 2212 daAuts
     D:4: 1043 daAuts
     D:5: 686 daAuts
     D:3: 590 daAuts
     D:6: 29 daAuts
